 Dungeon Crawl Stone Soup version 0.28-a0-1567-g1695149f81 (webtiles) character file.

Game seed: 10757812167617417873

54 frimble the Ruffian (level 3, -5/27 HPs)
             Began as a Demonspawn Warper on Jan 19, 2022.
             Killed by divine providence
             ... invoked by an orc priest
              (12 damage)
             ... on level 3 of the Dungeon.
             The game lasted 00:02:31 (2577 turns).

frimble the Ruffian (Demonspawn Warper)             Turns: 2577, Time: 00:02:31

Health: -5/27      AC:  4    Str: 13    XL:     3   Next: 66%
Magic:  6/6        EV: 11    Int: 14    God:
Gold:   69         SH:  0    Dex: 12    Spells: 6/6 levels left

rFire   . . .      SeeInvis .   d - +1 short sword
rCold   . . .      Faith    .   (no shield)
rNeg    + . .      Spirit   .   a - +1 leather armour
rPois   .          Reflect  .   (no helmet)
rElec   .          Harm     .   (no cloak)
rCorr   .          Rampage  .   (no gloves)
Will    .....                   (no boots)
Stlth   +.........              (no amulet)
HPRegen 0.09/turn               f - ring of positive energy
MPRegen 0.10/turn               (no ring)

@: no status effects
A: powered by death 1
a: no special abilities


You were on level 3 of the Dungeon.
You visited 1 branch of the dungeon, and saw 3 of its levels.

You collected 69 gold pieces.

Inventory:

Hand Weapons
 d - a +1 short sword (weapon)
Missiles
 c - 5 boomerangs of dispersal (quivered)
Armour
 a - a +1 leather armour (worn)
Jewellery
 b - a +6 ring of dexterity
 f - a ring of positive energy (left hand)


   Skills:
 - Level 2.0 Fighting
 + Level 1.6 Short Blades
 - Level 1.0 Throwing
 - Level 0.8 Armour
 - Level 1.7 Dodging
 - Level 3.0 Unarmed Combat
 - Level 2.0 Spellcasting
 - Level 2.7 Translocations


You had 6 spell levels left.
You didn't know any spells.
Your spell library contained the following spells:

 Spells                   Type           Power      Damage    Failure   Level
 Blink                    Tloc           16%        N/A       16%         2
 Slow                     Hex            4%         N/A       30%         1
 Gell's Gravitas          Tloc           8%         N/A       30%         3
 Lesser Beckoning         Tloc           8%         N/A       30%         3
 Teleport Other           Tloc           8%         N/A       30%         3
 Confusing Touch          Hex            1%         N/A       65%         3
 Ignite Poison            Fire/Tmut/Pois 1%         N/A       65%         3
 Mephitic Cloud           Conj/Pois/Air  1%         N/A       65%         3
 Vampiric Draining        Necr           1%         2d6       65%         3
 Manifold Assault         Tloc           8%         N/A       95%         5
 Freezing Cloud           Conj/Ice/Air   0%         6-21      100%        5


Dungeon Overview and Level Annotations

Branches:
Dungeon (3/15)

Altars:
Wu Jian

Annotations:
D:2 Sigmund
D:3 3 runed translucent doors, SkeletonJelly's ghost, amateur DrMo


Innate Abilities, Weirdness & Mutations

You regenerate a little health from kills.


Message History

You are too injured to fight recklessly!
You are too injured to fight recklessly!
You are too injured to fight recklessly!
You are too injured to fight recklessly!
You hit the orc.
The orc is heavily wounded.
The orc misses you.
The orc priest hits you from afar with a +0 trident!
You barely miss the orc.
The orc is heavily wounded.
The orc barely misses you.
The orc priest hits you from afar with a +0 trident.
* * * LOW HITPOINT WARNING * * *
The orc hits you with a +0 club.
* * * LOW HITPOINT WARNING * * *
You aren't carrying any potions.
You aren't carrying any scrolls.
Throw: 5 boomerangs (disperse)
Press: ? - help, Q - select action Shift-Dir - straight line, f - orc
Aim: an orc, wielding a +0 club and wearing a +0 scale mail (heavily wounded, 61% to hit)
Okay, then.
An orc wizard comes into view. It is wielding a +0 dagger.
The orc priest calls upon Beogh to heal the orc.
The orc's wounds heal themselves!
You aren't carrying any potions.
You aren't carrying any scrolls.
Unknown command.
Unknown command.
You aren't carrying any items that you can evoke.
You aren't carrying any potions.
Unknown command.
Unknown command.
Unknown command.
The orc wizard casts a spell.
The orc wizard flickers and vanishes!
Deactivating autopickup; reactivate with Ctrl-A.
The orc priest casts a cantrip, but nothing happens.
The orc priest calls down the wrath of Beogh upon you.
Beogh smites you!
You die...

#################
#..@.o..o.......#
#.#############.#
########.#############.#
.......)...>.........#o#
..######.##..#######.#.#
#.##..#.#####.#.#
#.....#.......#.#
.....#####..#.#######.#
...............oo....#


You could see an orc priest and an orc.

Vanquished Creatures
  A howler monkey skeleton (D:3)
  A dart slug (D:2)
  3 orcs (D:3)
  3 ball pythons
  A bat (D:1)
  3 endoplasms
  2 giant cockroaches (D:1)
  3 goblins (D:1)
  4 hobgoblins
  5 jackals (D:1)
  2 quokkas (D:1)
  2 frilled lizards (D:1)
  A kobold (D:3)
  3 rats
34 creatures vanquished.

Notes
Turn   | Place    | Note
-------+----------+-------------------------------------------
     0 | D:1      | frimble the Demonspawn Warper began the quest for the Orb.
     0 | D:1      | Reached XP level 1. HP: 16/16 MP: 3/3
    45 | D:1      | Reached skill level 1 in Throwing
   131 | D:1      | Reached skill level 2 in Unarmed Combat
   556 | D:1      | Gained mutation: You regenerate a little health from kills.
                  | [demonic ancestry]
   556 | D:1      | Reached XP level 2. HP: 12/22 MP: 5/5
  1044 | D:1      | Reached skill level 3 in Unarmed Combat
  1343 | D:1      | You fall into a shaft and drop 1 floor!
  1351 | D:2      | Noticed Sigmund
  1405 | D:2      | HP: 1/22 [something (12)]
  1809 | D:2      | Reached XP level 3. HP: 18/27 MP: 6/6
  1945 | D:3      | Reached skill level 1 in Short Blades
  2055 | D:3      | Found a faded altar of an unknown god.
  2187 | D:3      | Found an ornate altar of the Wu Jian Council.
  2428 | D:3      | Found a runed translucent gate.
  2428 | D:3      | Found a runed translucent gate.
  2428 | D:3      | Found a runed translucent gate.
  2428 | D:3      | Noticed SkeletonJelly's ghost (amateur DrMo)
  2577 | D:3      | Killed from afar by an orc priest

Illustrated notes

Levels and vault maps discovered:
D:1:      dpeg_arrival_arbitrary_a, layout_loops_corners, minmay_cupped
D:2:      layout_loops_ring, basic_altar, wander_ebering_terrifying_dragon_lair,
          uniq_sigmund, uniq_natasha
D:3:      layout_basic, mainiacjoe_overflow_small_starburst,
          shapermc_ecumenical_altar_mp_highgroup, ebering_ghost_rock_garden

Skill      XL: |  1  2  3 |
---------------+----------+-----
Throwing       | 1 |  1.0
Unarmed Combat | 2 3 |  3.0
Short Blades   | 1 |  1.6
Fighting       | |  2.0
Armour         | |  0.8
Dodging        | |  1.7
Spellcasting   | |  2.0
Translocations | |  2.7

Action                   || total
-------------------------++-------
Melee: Unarmed           ||    94
       Punch             ||     7
       Short sword       ||    58
  Use: Scroll            ||     5
       Potion            ||     1
 Stab: Sleeping          ||     1
Armor: Leather armour    ||    48
Dodge: Dodged            ||    82

Table legend: (Time is in decaauts)
 A = Elapsed time spent in this place.
 B = Non-inter-level travel time spent in this place.
 C = Inter-level travel time spent in this place.
 D = Time resting spent in this place.
 E = Time spent auto-exploring this place.
 F = Levels seen in this place.
 G = Mean time per level.
                   A        B        C        D        E       F      G
               +--------+--------+--------+--------+--------+-----+--------+
         Total |   2576 |   2490 |     86 |      0 |   2118 |   3 |  858.7 |
       Dungeon |   2576 |   2490 |     86 |      0 |   2118 |   3 |  858.7 |
               +--------+--------+--------+--------+--------+-----+--------+

Top non-repeatable levels by time:
     D:1: 1780 daAuts
     D:3: 650 daAuts
     D:2: 145 daAuts
